 Dungeon Crawl Stone Soup version 0.28-a0-1624-g820543e53a (webtiles) character file.

Game seed: 481020974614268289

235 jlumianski the Firebug (level 6, -2/69 HPs)
             Began as a Hill Orc Fire Elementalist on Jan 23, 2022.
             Slain by Sigmund (13 damage)
             ... on level 3 of the Dungeon.
             The game lasted 00:24:14 (3486 turns).

jlumianski the Firebug (Hill Orc Fire Elementalist) Turns: 3486, Time: 00:24:15

Health: -2/69      AC: 23    Str: 13    XL:     6   Next: 5%
Magic:  7/10       EV:  2    Int: 15    God:
Gold:   83         SH:  0    Dex: 11    Spells: 7/10 levels left

rFire   . . .      SeeInvis .   c - +0 dagger
rCold   . . .      Faith    .   (no shield)
rNeg    . . .      Spirit   .   (armour currently unavailable)
rPois   +          Reflect  .   (helmet currently unavailable)
rElec   .          Harm     .   (cloak currently unavailable)
rCorr   .          Rampage  .   (gloves currently unavailable)
Will    .....      NoTele   +   (boots currently unavailable)
Stlth   ++........              p - amulet of magic regeneration
HPRegen 0.21/turn               (no ring)
MPRegen 0.52/turn               (no ring)

@: tree-form
A: stationary, stasis, torment immunity, boosted hp
a: no special abilities


You were on level 3 of the Dungeon.
You were a tree.
You visited 1 branch of the dungeon, and saw 4 of its levels.

You collected 83 gold pieces.

Inventory:

Hand Weapons
 c - a +0 dagger (weapon)
 m - the +8 hand crossbow of the Bear {flame, Fragile rN+++ MP+9 Int-4}
   (You found it on level 2 of the Dungeon)

   Any ammunition fired from it burns those it strikes, dealing additional fire
   damage.
   Int:       It affects your intelligence (-4).
   rN:        It renders you almost immune to negative energy.
   MP:        It affects your magic capacity (+9).
   Fragile:   It will be destroyed if unequipped.
Missiles
 f - 6 poisoned darts (quivered)
 g - a throwing net
 h - 148 stones
 i - 3 javelins
 j - 11 bolts
Armour
 a - a +0 robe
 l - a +0 ring mail
 n - a +0 chain mail
 q - a +0 leather armour (melded)
 r - a +0 cloak (melded)
Jewellery
 p - an amulet of magic regeneration (around neck)
Wands
 u - a wand of mindburst (8)
Scrolls
 s - a scroll of immolation {unknown}
 t - a scroll of magic mapping {unknown}
Potions
 k - a potion of flight {unknown}
 o - a potion of haste {unknown}


   Skills:
 + Level 0.8 Fighting
 + Level 0.9 Short Blades
 + Level 0.8 Armour
 + Level 1.9 Dodging
 + Level 2.0 Stealth
 + Level 2.9 Spellcasting
 + Level 1.8 Conjurations
 + Level 5.0 Fire Magic


You had 7 spell levels left.
You knew the following spells:

 Your Spells              Type           Power      Damage    Failure   Level
a - Foxfire               Conj/Fire      48%        2x1d6     4%          1
b - Scorch                Fire           34%        2d6       4%          2

Your spell library contained the following spells:

 Spells                   Type           Power      Damage    Failure   Level
 Conjure Flame            Conj/Fire      12%        6-21      16%         3
 Inner Flame              Hex/Fire       9%         N/A       22%         3
 Flame Wave               Conj/Fire      12%        2d6       45%         4


Dungeon Overview and Level Annotations

Branches:
Dungeon (4/15)
 Temple: D:4-7

Altars:

Shops:
D:1 =   D:2 [

Annotations:
D:3 Ijyb, Sigmund
D:4 Pikel


Message History

Deactivating autopickup; reactivate with Ctrl-A.
You hear some strange, mumbled words.
A puff of flame appears from out of thin air!
The puff of flame hits you.
You miss something. Something hits you!
* * * LOW HITPOINT WARNING * * *
You feel better.
You feel much better. Something hits you!
You hear some strange, mumbled words.
A puff of flame appears from out of thin air!
The puff of flame hits you!
* * * LOW HITPOINT WARNING * * *
You hear some strange, mumbled words.
You are confused.
You bump into the rock wall.
You feel less confused.
You hear some strange, mumbled words.
You are confused.
Unknown command.
You bump into the rock wall.
You bump into the rock wall.
Something hits you but does no damage.
You bump into the rock wall.
You feel less confused. Something hits you.
* * * LOW HITPOINT WARNING * * *
Really quaff the potion of lignification? [Y]es or [N]o only, please.
Really quaff the potion of lignification? [Y]es or [N]o only, please.
Really quaff the potion of lignification?
You turn into a tree.
Your +0 cloak melds into your body.
Your +0 leather armour melds into your body.
Your roots penetrate the ground.
Casting: Scorch (safe; 4% risk of failure)
Confirm with . or Enter, or press ? or * to list all spells.
Flames lash something.
Something hits you but does no damage.
Casting: Scorch (safe; 4% risk of failure)
Confirm with . or Enter, or press ? or * to list all spells.
Flames lash something.
Something hits you!
You die...

#..##.....###.)...
#.................
###....##.##########
##....#....##########
#....................
#######..#########...
#......##### #.##
#.####.....####.# #♣#
#####..#...# ###.#
######.....# #.{.#
#........#### #.###
#.......##... #.#
#..........## #.#
###.##.##[... ###.##
####.##.#..#..
#....####.........##..
#....#....#..#######..


There were no monsters in sight!

Vanquished Creatures
  A phantom (D:4)
  A lemure (D:3)
  An iguana (D:3)
  Terence (D:1)
  3 gnolls (D:2)
  An adder (D:2)
  A worm (D:2)
  A dart slug (D:1)
  10 orcs
  3 bats
  2 endoplasms
  3 giant cockroaches
  7 goblins
  5 hobgoblins
  6 kobolds
  5 ball pythons
  A frilled lizard (D:2)
  4 rats (D:1)
56 creatures vanquished.

Vanquished Creatures (others)
  143 foxfires
143 creatures vanquished.

Grand Total: 199 creatures vanquished

Notes
Turn   | Place    | Note
-------+----------+-------------------------------------------
     0 | D:1      | jlumianski the Hill Orc Fire Elementalist began the quest
                  | for the Orb.
     0 | D:1      | Reached XP level 1. HP: 14/14 MP: 3/3
   118 | D:1      | Reached XP level 2. HP: 18/20 MP: 0/4
   255 | D:1      | Found Yfukapud's Jewellery Shoppe.
   276 | D:1      | Learned a level 2 spell: Scorch
   738 | D:2      | Reached skill level 4 in Fire Magic
   761 | D:2      | Reached XP level 3. HP: 26/26 MP: 3/5
   779 | D:3      | Noticed Terence
  1198 | D:2      | Reached XP level 4. HP: 6/33 MP: 0/7
  1688 | D:2      | Found Mujauw's Armour Emporium.
  1695 | D:2      | Identified the +8 hand crossbow of the Bear {flame, Fragile
                  | rN+++ MP+9 Int-4}
  2153 | D:1      | Killed Terence
  2601 | D:3      | Noticed Sigmund
  2649 | D:3      | Reached XP level 5. HP: 36/39 MP: 6/8
  2947 | D:3      | Noticed Ijyb
  3045 | D:4      | Noticed a phantom
  3060 | D:4      | Killed a phantom
  3061 | D:4      | Reached skill level 5 in Fire Magic
  3061 | D:4      | Reached XP level 6. HP: 25/46 MP: 3/10
  3207 | D:4      | Noticed Pikel
  3462 | D:3      | HP: 1/46 [something (16)]
  3486 | D:3      | Slain by Sigmund

Illustrated notes

Levels and vault maps discovered:
D:1:      mushboom_english_gardens, layout_rooms, serial_shops,
          nicolae_square_shop, ebering_dispersal_statue_hall
D:2:      layout_basic, serial_shops, nicolae_diamond_shop
D:3:      layout_rooms, guppyfry_early_orc_mine, uniq_sigmund, uniq_terence,
          uniq_ijyb, uniq_crazy_yiuf_cottage
D:4:      layout_basic, nzn_wu_jian_contemplation,
          chequers_temple_overflow_statue_of_worship,
          minmay_temple_entry_proselytizer, serial_shops, nicolae_square_shop,
          st_stairs_5, uniq_pikel

Skill      XL: |  1  2  3  4  5 |
---------------+----------------+-----
Stealth        | 2 |  2.0
Fire Magic     | 4 5 |  5.0
Spellcasting   | 2 |  2.9
Fighting       | |  0.8
Short Blades   | |  0.9
Armour         | |  0.8
Dodging        | |  1.9
Conjurations   | |  1.8

Action                   |  1- 3 |  4- 6 || total
-------------------------+-------+-------++-------
Melee: Dagger            |    23 |    35 ||    58
       Punch             |       |     1 ||     1
Throw: Dart              |     2 |       ||     2
 Cast: Foxfire           |    41 |    36 ||    77
       Scorch            |     1 |    27 ||    28
  Use: Scroll            |     5 |       ||     5
       Potion            |     1 |     5 ||     6
Armor: Robe              |     8 |     3 ||    11
       Leather armour    |       |    11 ||    11
       Skin              |       |     1 ||     1
Dodge: Dodged            |    25 |    48 ||    73

Table legend: (Time is in decaauts)
 A = Elapsed time spent in this place.
 B = Non-inter-level travel time spent in this place.
 C = Inter-level travel time spent in this place.
 D = Time resting spent in this place.
 E = Time spent auto-exploring this place.
 F = Levels seen in this place.
 G = Mean time per level.
                   A        B        C        D        E       F      G
               +--------+--------+--------+--------+--------+-----+--------+
         Total |   3499 |   3445 |     54 |    899 |   1105 |   4 |  874.8 |
       Dungeon |   3499 |   3445 |     54 |    899 |   1105 |   4 |  874.8 |
               +--------+--------+--------+--------+--------+-----+--------+

Top non-repeatable levels by time:
     D:2: 1713 daAuts
     D:1: 911 daAuts
     D:3: 708 daAuts
     D:4: 166 daAuts
